 Dungeon Crawl Stone Soup version 0.26.1-2-gb8aa6d0cf2 (webtiles) character file.

Game seed: 691048487982731301

677 FishyPogo the Skirmisher (level 7, -9/64 HPs)
             Began as a Minotaur Monk on Feb 18, 2021.
             Was a Priest of Elyvilon.
             Mangled by Grinder (11 damage)
             ... on level 5 of the Dungeon.
             The game lasted 00:10:48 (4527 turns).

FishyPogo the Skirmisher (Minotaur Monk)            Turns: 4527, Time: 00:10:49

Health: -9/64      AC:  3    Str: 17    XL:     7   Next: 33%
Magic:  6/6        EV: 18    Int:  7    God:    Elyvilon [***...]
Gold:   211        SH:  0    Dex: 13    Spells: 6/6 levels left

rFire    + . .     SeeInvis .   a - +0 war axe
rCold    . . .     Faith    .   (no shield)
rNeg     . . .     Spirit   .   q - +1 robe {rF+}
rPois    .         Reflect  .   (helmet restricted)
rElec    .         Harm     .   (no cloak)
rCorr    .         Rampage  .   (no gloves)
Will     .....                  (no boots)
Stlth    ++........             (no amulet)
HPRegen  0.20/turn              b - +4 ring of evasion
MPRegen  0.10/turn              (no ring)

@: no status effects
A: retaliatory headbutt, horns 2
a: Renounce Religion, Lesser Healing, Heal Other, Purification, Divine
Protection


You were on level 5 of the Dungeon.
You worshipped Elyvilon.
Elyvilon was most pleased with you.
You visited 1 branch of the dungeon, and saw 5 of its levels.

You collected 211 gold pieces.

Inventory:

Hand Weapons
 a - a +0 war axe (weapon)
Missiles
 o - 107 stones (quivered)
 t - 12 boomerangs
Armour
 q - a +1 robe of fire resistance (worn)
Jewellery
 b - a +4 ring of evasion (left hand)
 n - a +6 ring of intelligence {unknown}
Wands
 p - a wand of polymorph (9)
 u - a wand of iceblast (8)
Scrolls
 d - 8 scrolls of identify {unknown}
 e - a scroll of magic mapping {unknown}
 g - 2 scrolls of remove curse {unknown}
 h - a scroll of amnesia {unknown}
 i - 2 scrolls of enchant armour {unknown}
 j - 2 scrolls of teleportation {unknown}
 k - a scroll of immolation {unknown}
Potions
 c - 2 potions of flight {unknown}
 f - a potion of lignification {unknown}
 l - a potion of magic {unknown}
 m - 2 potions of might {unknown}
 r - 2 potions of curing {unknown}
 s - a potion of brilliance {unknown}


   Skills:
 * Level 6.7 Fighting
 + Level 5.5 Axes
 * Level 5.4 Armour
 - Level 4.0 Dodging
 - Level 2.0 Stealth
 + Level 1.0 Invocations


You had 6 spell levels left.
You didn't know any spells.
Your spell library was empty.

Dungeon Overview and Level Annotations

Branches:
Dungeon (5/15)
 Temple: D:4-7

Altars:
Ashenzari
Cheibriados
Elyvilon
Nemelex Xobeh
Ru
Vehumet

Annotations:
D:5 Grinder


Innate Abilities, Weirdness & Mutations

You reflexively headbutt those who attack you in melee.
You have a pair of horns on your head.


Message History

Elyvilon protects you from harm!
Grinder blinks!
You hit Grinder.
Grinder is almost dead.
Grinder hits you! Elyvilon protects you from harm!
You writhe in agony.
* * * LOW HITPOINT WARNING * * *
You hit Grinder but do no damage.
Grinder is almost dead.
Grinder closely misses you.
You closely miss Grinder. Your headbutt misses Grinder.
Grinder is almost dead.
Your divine protection fades away.
Grinder gestures at you.
You struggle to resist.
You closely miss Grinder. Your headbutt misses Grinder.
Grinder is almost dead.
Grinder barely misses you. Grinder hits you!
You die...

##### .####
....# ....#
#...##....#
#...#.....#
#...#.....#
#.........
+......#
#......#
#...@..#
#..?5..#
#......#
#######......#
#............#
#.......#+#+##
#.......#+#+##
#####........#
#..^.....#


You could see Grinder.

Vanquished Creatures
  Sigmund (D:2)
  A phantom (D:4)
  A centaur (D:5)
  2 ogres (D:4)
  A hound (D:4)
  2 worker ants
  3 adders
  5 worms
  A dart slug (D:2)
  2 leopard geckos
  7 orcs
  11 bats
  8 hobgoblins
  8 kobolds
  4 quokkas
  6 frilled lizards
  5 goblins
  2 leopard gecko skeletons
  5 rats
75 creatures vanquished.

Vanquished Creatures (others)
  A quokka (D:3)
1 creature vanquished.

Grand Total: 76 creatures vanquished

Notes
Turn   | Place    | Note
-------+----------+-------------------------------------------
     0 | D:1      | FishyPogo the Minotaur Monk began the quest for the Orb.
     0 | D:1      | Reached XP level 1. HP: 19/19 MP: 0/0
   450 | D:3      | Reached XP level 2. HP: 24/27 MP: 1/1
   506 | D:1      | Reached skill level 1 in Armour
   508 | D:1      | Reached skill level 4 in Fighting
  1095 | D:3      | Found a white marble altar of Elyvilon.
  1103 | D:3      | Became a worshipper of Elyvilon the Healer
  1103 | D:3      | Reached * piety under Elyvilon
  1103 | D:3      | Reached ** piety under Elyvilon
  1300 | D:2      | Reached XP level 3. HP: 16/33 MP: 2/2
  1751 | D:2      | Noticed Sigmund
  1775 | D:2      | Killed Sigmund
  1776 | D:2      | Reached skill level 5 in Fighting
  1776 | D:2      | Reached XP level 4. HP: 35/42 MP: 3/3
  1776 | D:2      | Reached XP level 5. HP: 40/48 MP: 4/4
  2265 | D:2      | Found a sparkling altar of Nemelex Xobeh.
  2598 | D:3      | Found a radiant altar of Vehumet.
  2982 | D:3      | Found a sacrificial altar of Ru.
  3060 | D:3      | Reached *** piety under Elyvilon
  3527 | D:4      | Noticed a phantom
  3534 | D:4      | Killed a phantom
  3535 | D:4      | Reached skill level 5 in Axes
  3535 | D:4      | Reached XP level 6. HP: 57/57 MP: 5/5
  3546 | D:4      | Reached skill level 6 in Fighting
  3850 | D:4      | Reached XP level 7. HP: 48/64 MP: 6/6
  3936 | D:4      | Reached skill level 5 in Armour
  4311 | D:3      | Found a snail-covered altar of Cheibriados.
  4311 | D:3      | Found a broken altar of Ashenzari.
  4347 | D:5      | Entered Level 5 of the Dungeon
  4493 | D:5      | Noticed Grinder
  4500 | D:5      | Paralysed by Grinder for 3 turns
  4506 | D:5      | Reached skill level 1 in Invocations
  4514 | D:5      | HP: 2/64 [Grinder/nerve-wracking pain (10)]
  4515 | D:5      | Paralysed by Grinder for 7 turns
  4516 | D:5      | Elyvilon protects you from harm!
  4516 | D:5      | Elyvilon protects you from harm!
  4522 | D:5      | HP: 1/64 [Grinder (2)]
  4522 | D:5      | Elyvilon protects you from harm!
  4524 | D:5      | Elyvilon protects you from harm!
  4527 | D:5      | Mangled by Grinder

Illustrated notes

Levels and vault maps discovered:
D:1:      heliophobic_arrival_glass_houses, layout_loops_ring
D:2:      layout_basic, nemelex_altar_shiori, hangedman_glass_teeth,
          uniq_sigmund
D:3:      layout_basic, nicolae_ru_sacrificial_ziggurat, vehumet_crystals,
          nicolae_overflow_hidden_temple, elyvilon_altar_4
D:4:      layout_cave_pools
D:5:      layout_basic, serial_shops, shop, minmay_misc_feat_square,
          serial_bayou_pond_e, uniq_grinder

Skill      XL: |  1  2  3  4  5  6  7 |
---------------+----------------------+-----
Armour         | 1 3 4 5 |  5.4
Fighting       | 4 5 6 |  6.7
Axes           | 4 5 |  5.5
Dodging        | 4 |  4.0
Stealth        | 2 |  2.0
Invocations    | 1 |  1.0

Action                   |  1- 3 |  4- 6 |  7- 9 || total
-------------------------+-------+-------+-------++-------
Melee: Hand axe          |    62 |       |       ||    62
       Headbutt          |     7 |    11 |     6 ||    24
       Unarmed           |    12 |     5 |       ||    17
       War axe           |     6 |    56 |    32 ||    94
Invok: Divine Protection |     1 |       |     1 ||     2
       Lesser Healing    |       |       |     1 ||     1
 Stab: Sleeping          |     5 |     7 |       ||    12
       Distracted        |     1 |     1 |     1 ||     3
Armor: Robe              |     1 |     2 |     2 ||     5
       Leather armour    |    16 |       |       ||    16
       Skin              |    20 |     3 |       ||    23
Dodge: Dodged            |    56 |    47 |    27 ||   130
